 Dungeon Crawl Stone Soup version 0.27-a0-828-g8289197e94 (webtiles) character file.

Game seed: 12388607224477564223

39 melodyrose the Chiller (level 3, -1/26 HPs)
             Began as a Draconian Ice Elementalist on Mar 31, 2021.
             Killed by Freeze
             ... generated by an endoplasm
              (4 damage)
             ... on level 2 of the Dungeon.
             The game lasted 00:11:19 (2062 turns).

melodyrose the Chiller (Draconian Ice Elementalist) Turns: 2062, Time: 00:11:19

Health: -1/26      AC:  5    Str: 10    XL:     3   Next: 28%
Magic:  3/6        EV: 12    Int: 15    God:
Gold:   60         SH:  0    Dex: 12    Spells: 5/6 levels left

rFire    . . .     SeeInvis .   s - +3 dagger
rCold    . . .     Faith    .   (no shield)
rNeg     . . .     Spirit   .   (armour unavailable)
rPois    .         Reflect  .   (helmet restricted)
rElec    .         Harm     .   (no cloak)
rCorr    .         Rampage  .   (no gloves)
Will     .....                  (no boots)
Stlth    ++........             (no amulet)
HPRegen  0.08/turn              (no ring)
MPRegen  0.10/turn              (no ring)

@: slowed, very slow
A: AC +5, unfitting armour, cold-blooded
a: no special abilities


You were on level 2 of the Dungeon.
You visited 1 branch of the dungeon, and saw 2 of its levels.

You collected 60 gold pieces.

Inventory:

Hand Weapons
 a - a +0 club
 c - a +0 club
 e - a +0 club
 h - a +0 club
 i - a +0 club
 j - a +0 dagger
 k - a +0 dagger
 q - a +0 dagger
 s - a +3 dagger (weapon)
 t - a +0 short sword
Missiles
 d - 11 stones
 r - 6 sling bullets
Armour
 b - a +0 leather armour
 m - a +0 scale mail
 n - a +0 leather armour
 p - a +0 chain mail
Jewellery
 g - an amulet of guardian spirit
Scrolls
 o - a scroll of identify {unknown}
Potions
 f - a potion of curing {unknown}
 l - a potion of ambrosia {unknown}


   Skills:
 + Level 0.2 Fighting
 + Level 0.5 Short Blades
 + Level 0.3 Maces & Flails
 + Level 2.2 Dodging
 + Level 2.0 Stealth
 + Level 2.1 Spellcasting
 + Level 4.4 Ice Magic


You had 5 spell levels left.
You knew the following spells:

 Your Spells              Type           Power      Damage    Failure   Level
a - Freeze                Ice            60%        1d8       3%          1

Your spell library contained the following spells:

 Spells                   Type           Power      Damage    Failure   Level
 Frozen Ramparts          Ice            30%        1d5       11%         3
 Ozocubu's Armour         Ice            15%        N/A       11%         3
 Hailstorm                Conj/Ice       8%         3d4       65%         4
 Summon Ice Beast         Ice/Summ       8%         N/A       65%         4


Dungeon Overview and Level Annotations

Branches:
Dungeon (2/15)

Altars:


Innate Abilities, Weirdness & Mutations

Your plain brown scales are hard. (AC +5)
You cannot fit into any form of body armour.
You are cold-blooded and may be slowed by cold attacks.


Message History

You freeze the jackal.
You kill the jackal!
The goblin shouts!
The endoplasm freezes you.
You are frozen.
You feel yourself slow down. The endoplasm closely misses you.
The endoplasm hits you but does no damage.
You hit the endoplasm.
The endoplasm is lightly wounded.
You feel yourself speed up. The endoplasm freezes you.
You are frozen.
You feel yourself slow down. The endoplasm freezes you.
You are frozen.
You feel as though you will be slow longer.
The endoplasm freezes you.
You are frozen.
You feel as though you will be slow longer.
You hit the endoplasm.
The endoplasm is severely wounded.
The endoplasm barely misses you. The endoplasm hits you.
The endoplasm freezes you.
You are frozen.
* * * LOW HITPOINT WARNING * * *
You hit the endoplasm.
You kill the endoplasm!
The endoplasm misses you. x2
Your Stealth skill increases to level 2!
Casting: Freeze (safe; 3% risk of failure)
Confirm with . or Enter, or press ? or * to list all spells.
Aiming: Freeze (safe; 3% risk of failure)
Press: ? - help, Shift-Dir - straight line, f - goblin
Aim: a goblin, wielding a +0 dagger You freeze the goblin.
The goblin is moderately wounded.
The goblin hits you with a +0 dagger.
* * * LOW HITPOINT WARNING * * *
The endoplasm freezes you.
You are frozen.
You die...

#.#.# .. ..... #..
#... ..#. #...##...#
##..#......
#..........
#...†......
#.Jg#.#.### #.#@#.#
#.....##############
#....#........#.....
#.............#.....
##..................
#..................
#..................
#..................
####....†..........


You could see an endoplasm and a goblin.

Vanquished Creatures
  2 ball pythons (D:1)
  6 endoplasms
  4 goblins (D:1)
  3 hobgoblins (D:1)
  3 jackals (D:2)
  5 kobolds (D:1)
  A quokka (D:1)
  4 bats (D:1)
  2 frilled lizards (D:1)
  6 rats
36 creatures vanquished.

Notes
Turn   | Place    | Note
-------+----------+-------------------------------------------
     0 | D:1      | melodyrose the Draconian Ice Elementalist began the quest
                  | for the Orb.
     0 | D:1      | Reached XP level 1. HP: 14/14 MP: 3/3
   259 | D:1      | Reached XP level 2. HP: 15/20 MP: 5/5
  1401 | D:1      | Reached XP level 3. HP: 26/26 MP: 6/6
  2062 | D:2      | Killed from afar by an endoplasm

Illustrated notes

Levels and vault maps discovered:
D:1:      dpeg_arrival_boxorama, layout_basic, palyth_stone_intersect
D:2:      layout_basic, nicolae_hepliaklqana_hazy_memory,
          hangedman_decor_opposing

Skill      XL: |  1  2  3 |
---------------+----------+-----
Dodging        | 2 |  2.2
Stealth        | 2 |  2.0
Fighting       | |  0.2
Short Blades   | |  0.5
Maces & Flails | |  0.3
Spellcasting   | |  2.1
Ice Magic      | |  4.4

Action                   || total
-------------------------++-------
Melee: Club              ||    80
       Unarmed           ||     4
       Tailslap          ||     8
       Dagger            ||    48
 Cast: Freeze            ||     6
 Stab: Sleeping          ||     4
Armor: Skin              ||    41
Dodge: Dodged            ||   104

Table legend: (Time is in decaauts)
 A = Elapsed time spent in this place.
 B = Non-inter-level travel time spent in this place.
 C = Inter-level travel time spent in this place.
 D = Time resting spent in this place.
 E = Time spent auto-exploring this place.
 F = Levels seen in this place.
 G = Mean time per level.
                   A        B        C        D        E       F      G
               +--------+--------+--------+--------+--------+-----+--------+
         Total |   2086 |   2086 |      0 |    511 |   1062 |   2 | 1043.0 |
       Dungeon |   2086 |   2086 |      0 |    511 |   1062 |   2 | 1043.0 |
               +--------+--------+--------+--------+--------+-----+--------+

Top non-repeatable levels by time:
     D:1: 2040 daAuts
     D:2: 46 daAuts
